 Dungeon Crawl Stone Soup version 0.26-a0-652-gafc20e3620 (webtiles) character file.

Game seed: 3367865681419064209

49 grandjackal the Insei (level 3, -4/27 HPs)
             Began as a Demonspawn Transmuter on Oct 2, 2020.
             Killed from afar by Natasha (6 damage)
             ... with a magic dart
             ... on level 2 of the Dungeon.
             The game lasted 00:01:11 (737 turns).

grandjackal the Insei (Demonspawn Transmuter)        Turns: 737, Time: 00:01:12

Health: -4/27      AC:  4    Str: 10    XL:     3   Next: 51%
Magic:  5/6        EV: 12    Int: 15    God:
Gold:   64         SH:  0    Dex: 13    Spells: 2/6 levels left

rFire    . . .     SeeInvis .     - Unarmed
rCold    . . .     Faith    .   (no shield)
rNeg     . . .     Spirit   .   a - +0 robe
rPois    .         Reflect  .   (helmet currently unavailable)
rElec    .         Harm     .   (no cloak)
rCorr    .         Rampage  .   (no gloves)
MR       .....                  (boots currently unavailable)
Stlth    +.........             (no amulet)
HPRegen  0.09/turn              (no ring)
MPRegen  0.10/turn              (no ring)

@: appendages (expiring)
A: horns 2, talons 2, yellow scales 1, demonic guardian 1
a: End Transformation


You were on level 2 of the Dungeon.
You had grown temporary horns.
You had grown temporary talons.
You visited 1 branch of the dungeon, and saw 2 of its levels.

You collected 64 gold pieces.

Inventory:

Armour
 a - a +0 robe (worn)
Scrolls
 c - a scroll of remove curse {unknown}
 d - a scroll of enchant armour {unknown}
 f - 2 scrolls of magic mapping {unknown}
 g - a scroll of teleportation {unknown}
 j - a scroll of identify {unknown}
 l - a scroll of fog {unknown}
Potions
 b - a potion of degeneration {unknown}
 e - 2 potions of heal wounds {unknown}
 h - a potion of curing {unknown}
 i - a potion of brilliance {unknown}
 k - a potion of mutation {unknown}
 m - a potion of stabbing {unknown}


   Skills:
 + Level 2.1 Fighting
 - Level 1.7 Dodging
 + Level 3.2 Unarmed Combat
 - Level 2.0 Spellcasting
 + Level 2.4 Transmutations


You had 2 spell levels left.
You knew the following spells:

 Your Spells              Type           Power        Failure   Level
a - Beastly Appendage     Tmut           #.....       9%          1
b - Spider Form           Tmut/Pois      #.........   38%         3

Your spell library contained the following spells:

 Spells                   Type           Power        Failure   Level
 Wereblood                Tmut           #.......     12%         2
 Ice Form                 Ice/Tmut       #.......     80%         4
 Blade Hands              Tmut           #.........   92%         5


Dungeon Overview and Level Annotations

Branches:
Dungeon (2/15)

Altars:
Ru

Annotations:
D:2 Natasha


Innate Abilities, Weirdness & Mutations

You are partially covered in yellow scales. (AC +2)
A weak demonic guardian rushes to your aid.
You have a pair of horns on your head.
You have razor-sharp toenails.


Message History

The crimson imp puffs mist at you.
You completely miss Natasha. You claw Natasha.
Natasha is heavily wounded.
Natasha claws you.
You closely miss Natasha. You claw Natasha, but do no damage.
Natasha is heavily wounded.
The crimson imp completely misses you. Natasha claws you!
* * * LOW HITPOINT WARNING * * *
You hit Natasha.
Natasha is almost dead.
The crimson imp hits you.
* * * LOW HITPOINT WARNING * * *
Natasha casts a spell.
You closely miss Natasha. Your kick misses Natasha.
Natasha is almost dead.
The crimson imp hits you.
* * * LOW HITPOINT WARNING * * *
Natasha casts a spell at you. The magic dart hits you.
You die...

######.......#
.....).......#
.............#
.............#
.............#######
............<##....#
........#######....#
..............'....#
.........######5@..#
.........#....#.h5$#
######+#.#....#.####
#.....#..#.#
###.#....#.#
#.#.##.#.#
#.####.#.# #......#.
########


You could see Natasha and 2 crimson imps.

Vanquished Creatures
  Terence (D:2)
  2 adders (D:2)
  2 leopard geckos (D:1)
  A giant cockroach (D:2)
  A goblin (D:2)
  4 hobgoblins
  A frilled lizard (D:2)
  2 rats (D:2)
14 creatures vanquished.

Notes
Turn   | Place    | Note
-------+----------+-------------------------------------------
     0 | D:1      | grandjackal the Demonspawn Transmuter began the quest for
                  | the Orb.
     0 | D:1      | Reached XP level 1. HP: 15/15 MP: 3/3
   390 | D:2      | Reached skill level 3 in Unarmed Combat
   390 | D:2      | Gained mutation: You are partially covered in yellow
                  | scales. (AC +2) [demonic ancestry]
   390 | D:2      | Reached XP level 2. HP: 17/21 MP: 3/5
   477 | D:2      | Found a sacrificial altar of Ru.
   541 | D:2      | Found a faded altar of an unknown god.
   548 | D:2      | Gained mutation: A weak demonic guardian rushes to your
                  | aid. [demonic ancestry]
   548 | D:2      | Reached XP level 3. HP: 26/27 MP: 4/6
   555 | D:2      | Learned a level 3 spell: Spider Form
   657 | D:2      | Noticed Terence
   666 | D:2      | Killed Terence
   727 | D:2      | Noticed Natasha
   737 | D:2      | Killed from afar by Natasha

Illustrated notes

Levels and vault maps discovered:
D:1:      lemuel_arrival_funnel, layout_rooms, serial_glass, glass_columns_a,
          glass_columns_a, glass_columns_a, glass_columns_b
D:2:      layout_basic, nicolae_overflow_crystal_walls,
          chequers_ecumenical_altar_simple, uniq_terence, uniq_natasha

Skill      XL: |  1  2  3 |
---------------+----------+-----
Unarmed Combat | 3 |  3.2
Transmutations | 2 |  2.4
Fighting       | 2 |  2.1
Dodging        | |  1.7
Spellcasting   | |  2.0

Action                   || total
-------------------------++-------
Melee: Unarmed           ||    52
       Kick              ||     7
       Headbutt          ||     3
       Punch             ||     1
 Cast: Beastly Appendage ||     8
Armor: Robe              ||     5
Dodge: Dodged            ||    31

Table legend: (Time is in decaauts)
 A = Elapsed time spent in this place.
 B = Non-inter-level travel time spent in this place.
 C = Inter-level travel time spent in this place.
 D = Time resting spent in this place.
 E = Time spent auto-exploring this place.
 F = Levels seen in this place.
 G = Mean time per level.
                   A        B        C        D        E       F      G
               +--------+--------+--------+--------+--------+-----+--------+
         Total |    734 |    721 |     13 |      2 |    575 |   2 |  367.0 |
       Dungeon |    734 |    721 |     13 |      2 |    575 |   2 |  367.0 |
               +--------+--------+--------+--------+--------+-----+--------+

Top non-repeatable levels by time:
     D:1: 422 daAuts
     D:2: 311 daAuts
